AoeStats
← 落花之情

Arena

504550861Analyzed
4v4 RM · 25d ago on Sep 5, 2026· 48m 19s· 8 players
Game mode
Random Map
Map size
Large (8 player)
Population
200
Speed
Normal
Resources
Standard
Victory
Conquest
Starting age
Dark Age
Ending age
Imperial Age
RankedLock teamsTeams togetherTeam positionsShared explorationLock speedFull tech treeHidden civsTurbo modeCheats
Victory
Defeat
🇨🇷 Huns · Costa Rica
1632
+12
🇨🇳 Inca · China
1627
+12
🇨🇳 Bengalis · China
1575
+14
🇩🇪 Aztecs · Germany
1537
+15
🇬🇧 Burmese · United Kingdom
1658
-18
🇨🇴 Celts · Colombia
1512
-12
🇧🇪 Bulgarians · Belgium
1490
-12
🇲🇽 Ethiopians · Mexico
1466
-11
落花之情
10:43 Feudal Age
14:39 Castle Age
12:48 Double-Bit Axe
13:07 Horse Collar
17:16 Bow Saw
17:23 Loom
19:06 Fervor
19:18 Sanctity
20:55 Fervor
22:45 Redemption
24:38 Wheelbarrow
23:49 Town Watch
24:36 Redemption
25:04 Bow Saw
24:51 Gold Mining
26:23 Gold Shaft Mining
26:14 Heavy Plow
26:32 Devotion
27:48 Hand Cart
31:48 Imperial Age
29:20 Fletching
30:29 Bodkin Arrow
30:56 Ballistics
30:17 Treadmill Crane
31:13 Padded Archer Armor
32:44 Leather Archer Armor
32:32 Bracer
33:34 Chemistry
32:59 Conscription
33:30 Theocracy
33:10 Block Printing
32:32 Elite Skirmisher
33:32 Leather Archer Armor
33:22 Elite Elephant Archer
34:26 Block Printing
34:37 Illumination
34:47 Ring Archer Armor
34:55 Paiks
36:25 Devotion
41:17 Siege Engineers
42:02 Coinage
43:55 Banking
hermelin*?
9:58 Feudal Age
9:23 Loom
11:15 Fletching
18:00 Double-Bit Axe
22:26 Castle Age
21:19 Gold Mining
22:56 Scale Mail Armor
22:48 Horse Collar
23:13 Squires
23:21 Town Watch
24:04 Forging
24:38 Wheelbarrow
23:48 Eagle Warrior
26:20 Wheelbarrow
26:35 Bow Saw
26:39 Town Watch
28:53 Fortified Wall
29:04 Chain Mail Armor
30:27 Iron Casting
30:20 Town Watch
35:28 Wheelbarrow
41:11 Imperial Age
39:08 Arson
39:09 Gambesons
40:57 Heavy Plow
41:12 Elite Eagle Warrior
44:36 Blast Furnace
44:07 Plate Mail Armor
44:15 Conscription
44:20 Hand Cart
45:12 Plate Mail Armor
45:12 Sappers
48:48 Garland Wars
Bz_青红
10:47 Feudal Age
14:27 Castle Age
12:19 Double-Bit Axe
12:29 Horse Collar
13:56 Champi Runner
14:58 Champi Warrior
20:55 Scale Mail Armor
22:22 Chain Mail Armor
22:57 Forging
25:15 Loom
25:59 Bow Saw
26:08 Town Watch
28:22 Andean Sling
33:02 Gold Mining
40:55 Imperial Age
39:18 Iron Casting
39:59 Squires
39:45 Arson
41:19 Elite Kamayuk
42:21 Conscription
42:25 Fabric Shields
43:23 Wheelbarrow
43:26 Capped Ram
46:20 Plate Mail Armor
47:30 Blast Furnace
48:20 Caravan
Draga
11:16 Feudal Age
12:30 Double-Bit Axe
15:21 Castle Age
13:02 Horse Collar
16:32 Bow Saw
17:02 Heavy Plow
19:09 Wheelbarrow
21:47 Stone Mining
22:22 Hand Cart
22:19 Stone Mining
23:17 Gold Mining
25:33 Scale Barding Armor
25:16 Loom
28:02 Imperial Age
26:50 Chain Barding Armor
26:40 Forging
27:00 Bloodlines
26:50 Husbandry
28:21 Cavalier
29:37 Plate Barding Armor
29:23 Conscription
30:05 Paladin
33:21 Iron Casting
34:21 Guilds
37:09 Fletching
37:20 Padded Archer Armor
38:21 Blast Furnace
37:50 Bodkin Arrow
38:17 Ballistics
39:00 Chemistry
37:47 Heavy Cavalry Archer
38:53 Parthian Tactics
39:10 Caravan
39:41 Leather Archer Armor
39:34 Thumb Ring
42:15 Bracer
46:56 Masonry
UrielFlocru
10:35 Feudal Age
14:33 Castle Age
12:57 Double-Bit Axe
12:53 Horse Collar
15:59 Bow Saw
15:50 Heavy Plow
33:22 Scale Mail Armor
33:32 Forging
37:46 Loom
40:48 Imperial Age
38:32 Fletching
38:23 Crossbowman
39:09 Bodkin Arrow
39:57 Wheelbarrow
41:31 Bracer
41:33 Padded Archer Armor
41:05 Arbalester
42:45 Thumb Ring
[MLTS] RKotzen
5:53 Loom
8:34 Feudal Age
15:44 Double-Bit Axe
21:49 Castle Age
20:11 Horse Collar
23:38 Bow Saw
24:20 Wheelbarrow
23:52 Heavy Plow
28:25 Hand Cart
28:20 Gold Mining
29:39 Gold Shaft Mining
33:19 Imperial Age
31:55 Scale Mail Armor
32:05 Forging
32:17 Stone Mining
33:17 Chain Mail Armor
33:38 Iron Casting
32:24 Pikeman
32:50 Gambesons
33:24 Man-at-Arms
33:49 Gambesons
34:36 Plate Mail Armor
33:59 Halberdier
35:44 Blast Furnace
34:10 Long Swordsman
35:02 Onager
36:48 Devotion
38:08 Conscription
41:11 Chemistry
40:32 Ballistics
40:12 Two-Handed Swordsman
40:52 Champion
43:14 Faith
42:47 Sappers
45:36 Furor Celtica
46:37 Siege Engineers
pienus23
10:38 Feudal Age
14:32 Castle Age
12:19 Double-Bit Axe
12:46 Horse Collar
15:46 Bow Saw
15:46 Heavy Plow
21:13 Scale Mail Armor
21:58 Wheelbarrow
22:44 Forging
23:49 Loom
23:50 Town Watch
24:40 Arson
24:55 Squires
25:25 Gambesons
27:14 Gold Mining
28:30 Chain Mail Armor
29:31 Pikeman
31:07 Iron Casting
33:20 Imperial Age
31:08 Hand Cart
31:22 Masonry
34:33 Plate Mail Armor
35:04 Blast Furnace
33:26 Halberdier
34:33 Conscription
34:11 Capped Ram
36:14 Fletching
38:13 Siege Ram
41:58 Heavy Scorpion
45:21 Bagains
45:49 Bodkin Arrow
46:16 Ballistics
Torpedo
12:11 Feudal Age
15:41 Castle Age
14:32 Gold Mining
14:35 Horse Collar
14:55 Stone Mining
16:31 Heavy Plow
18:50 Gold Shaft Mining
19:40 Wheelbarrow
20:23 Town Watch
21:15 Fervor
23:08 Sanctity
23:10 Loom
24:11 Padded Archer Armor
24:40 Bloodlines
25:58 Husbandry
27:24 Redemption
27:17 Fletching
31:43 Ballistics
35:44 Imperial Age
33:49 Hand Cart
36:06 Gambesons
36:21 Squires
35:42 Pikeman
36:08 Arson
35:43 Man-at-Arms
36:47 Conscription
36:34 Manipur Cavalry
36:33 Bodkin Arrow
36:43 Elite Arambai
37:42 Scale Mail Armor
37:53 Forging
37:50 Halberdier
39:17 Chain Mail Armor
40:14 Plate Mail Armor
40:38 Iron Casting
42:09 Blast Furnace
42:13 Crop Rotation
44:50 Long Swordsman
45:26 Two-Handed Swordsman
48:01 Capped Ram
Connection lost

Rejoining the realm…

Still unreachable

The connection could not be restored.

Session expired

The server has moved on; the page needs a fresh start.